 Dungeon Crawl Stone Soup version 0.31-a0-187-gba352fbbf7 (webtiles) character file.

Game seed: 7445290941823802807

48 qw the Shooter (level 3, -7/20 HPs)
             Began as a Deep Elf Hunter on June 22, 2023.
             Mangled by an ogre
             ... wielding a +0 giant spiked club
              (27 damage)
             ... on level 3 of the Dungeon.
             The game lasted 00:00:27 (1238 turns).

qw the Shooter (Deep Elf Hunter)                    Turns: 1238, Time: 00:00:27

Health: -7/20      AC:  3    Str:  8 (10) XL:     3   Next: 50%
Magic:  5/5        EV: 17    Int: 11 (13) God:
Gold:   123        SH:  0    Dex: 15 (18) Spells: 2/2 levels left

rFire   . . .        Y - +1 shortbow
rCold   . . .        (shield currently unavailable)
rNeg    . . .        c - +0 leather armour
rPois   .            (no helmet)
rElec   .            (no cloak)
rCorr   .            (no gloves)
SInv    .            (no boots)
Will    .....        (no amulet)
Stlth   ++           a - +5 ring of evasion
HPRegen 0.23/turn    (no ring)
MPRegen 0.09/turn

%: no passive effects
@: no status effects
A: no striking features
a: no special abilities


You were on level 3 of the Dungeon.
You visited 1 branch of the dungeon, and saw 3 of its levels.

You collected 123 gold pieces.


   Skills:
 - Level 1.5 Fighting
 + Level 7.0 Ranged Weapons
 - Level 2.4 Dodging
 - Level 1.2 Stealth


You had 2 spell levels left.
You didn't know any spells.
Your spell library was empty.

Inventory:

Hand Weapons
 Y - a +1 shortbow (weapon)
Armour
 c - a +0 leather armour (worn)
 e - a +0 ring mail
Jewellery
 a - a +5 ring of evasion (left hand)
Scrolls
 b - a scroll of identify
Potions
 d - 2 potions of haste {unknown}
 f - a potion of mutation {unknown}

Dungeon Overview and Level Annotations

Branches:
Dungeon (3/15)

Altars:


Message History

A hobgoblin comes into view.
You see here 12 gold pieces.
You shoot an arrow. The arrow hits the hobgoblin!
You kill the hobgoblin!
Your Ranged Weapons skill increases to level 7!
You now have 94 gold pieces (gained 12).
You see here a +0 leather armour.
Found a stone staircase leading down.
A ball python comes into view.
You shoot an arrow. The arrow hits the ball python!
You kill the ball python!
d - 2 golden potions
e - a +0 ring mail You now have 109 gold pieces (gained 15).
A ball python comes into view.
Found 14 gold pieces.
Enter note:
Enter note: You shoot an arrow.
The arrow hits the ball python!
You kill the ball python!
You now have 123 gold pieces (gained 14).
A quokka comes into view.
Enter note: You shoot an arrow.
The arrow closely misses the quokka.
The quokka closely misses you.
You shoot an arrow. The arrow completely misses the quokka.
The quokka barely misses you.
You shoot an arrow. The arrow hits the quokka!
You kill the quokka!
f - a ruby potion
Enter note: You see here a quokka corpse.
An ogre comes into view. It is wielding a +0 giant spiked club.
The ogre shouts!
Enter note: You shoot an arrow.
The arrow hits the ogre.
The ogre is lightly wounded.
The ogre hits you with a +0 giant spiked club!!
Ouch! That really hurt!
You die...

###########%#
########.#
.........#########..
########............
#.###.#####.. #.#
#.# #.# #.# #.#
#.######. #.#
#@.......
#...O........
#############


You could see an ogre.

Vanquished Creatures
  5 endoplasms
  A giant cockroach (D:2)
  3 goblins
  6 hobgoblins
  3 quokkas
  7 ball pythons
  5 bats
  A frilled lizard (D:2)
  4 kobolds
  7 rats
42 creatures vanquished.

Notes
Turn   | Place    | Note
-------+----------+-------------------------------------------
     0 | D:1      | qw the Deep Elf Hunter began the quest for the Orb.
     0 | D:1      | Reached XP level 1. HP: 12/12 MP: 3/3
     0 | D:1      | 0 ||| qw: Version: 0.3-a-9-g12657ce
     0 | D:1      | 0 ||| qw: Game counter: 2080
     0 | D:1      | 0 ||| qw: Always use a shield: true
     0 | D:1      | 0 ||| qw: God list: Okawaru
     0 | D:1      | 0 ||| qw: Allow faded altars: false
     0 | D:1      | 0 ||| qw: Do Orc after D:15 true
     0 | D:1      | 0 ||| qw: Do second Lair branch before Depths: true
     0 | D:1      | 0 ||| qw: Lair rune preference: random
     0 | D:1      | 0 ||| qw: Plans: Normal
     0 | D:1      | 0 ||| PLANNING D:1-11
    67 | D:1      | Reached XP level 2. HP: 16/16 MP: 4/4
    68 | D:1      | Reached skill level 6 in Ranged Weapons
   377 | D:1      | Reached XP level 3. HP: 20/20 MP: 5/5
   470 | D:1      | 470 ||| READING scroll labelled QAOXYTH CANOO.
   474 | D:1      | 474 ||| READING scroll labelled GIOMAWAIRA.
   475 | D:1      | 475 ||| DROPPING scroll of butterflies.
  1039 | D:2      | 1039 ||| UPGRADING to +5 ring of evasion.
  1040 | D:2      | 1040 ||| READING scroll labelled XEME FAVINWI.
  1041 | D:2      | 1041 ||| DRINKING 2 cyan potions.
  1042 | D:2      | 1042 ||| DRINKING 2 dark potions.
  1043 | D:2      | 1043 ||| DROPPING potion of attraction.
  1044 | D:2      | 1044 ||| DROPPING potion of degeneration.
  1077 | D:3      | Reached skill level 7 in Ranged Weapons
  1237 | D:3      | Noticed an ogre
  1238 | D:3      | Mangled by an ogre

Levels and vault maps discovered:
D:1:      erik_arrival_triangle_small, layout_rooms
D:2:      layout_loops_ring
D:3:      layout_loops_ring, mainiacjoe_overflow_large_starburst,
          minmay_randomly_rotated_circles

Skill      XL: |  1  2  3 |
---------------+----------+-----
Ranged Weapons | 6 7 |  7.0
Fighting       | |  1.5
Dodging        | |  2.4
Stealth        | |  1.2

Action                     || total
---------------------------++-------
   Fire: Shortbow          ||    90
    Use: Scroll            ||     3
         Potion            ||     2
 Armour: Leather armour    ||     5
  Dodge: Dodged            ||    19

Table legend:
 A = Non-vault XP
 B = Vault XP
 C = Vault XP percentage of total XP
 D = Non-vault monster count
 E = Vault monster count
 F = Vault count percentage of total count
                 A         B        C        D         E       F
            +---------+---------+-------+---------+---------+-------
      Total |      69 |       0 |   0.0 |      42 |       0 |   0.0
            +---------+---------+-------+---------+---------+-------
        D:1 |      41 |       0 |   0.0 |      26 |       0 |   0.0
        D:2 |      21 |       0 |   0.0 |      12 |       0 |   0.0
        D:3 |       7 |       0 |   0.0 |       4 |       0 |   0.0
            +---------+---------+-------+---------+---------+-------
